BSA
SPRINGFIELD STARS @ ST CHARLES SHEENS
07/01/2028
 
TOP OF THE 1ST
Springfield Stars batting - Pitching for St Charles Sheens : LHP Ben Moody
Pitching: LHP Ben Moody
Batting: RHB Norberto Taváres 0-0: Called Strike
0-1: Called Strike
0-2: Ball
1-2: Ground out 6-3 (Groundball, 6)
Batting: RHB Calvin Bennett 0-0: Called Strike
0-1: Called Strike
0-2: Strikes out swinging
Batting: SHB Shane Hutchinson 0-0: Ball
1-0: Called Strike
1-1: Foul Ball, location: 2F
1-2: Ball
2-2: Fly out, F4 (Line Drive, 4)
Top of the 1st over - 0 run(s), 0 hit(s), 0 error(s), 0 left on base; Springfield 0 - St Charles 0
BOTTOM OF THE 1ST
St Charles Sheens batting - Pitching for Springfield Stars : RHP Kyu-pyeong Pak
Pitching: RHP Kyu-pyeong Pak
Batting: RHB Max Rash 0-0: Called Strike
0-1: Called Strike
0-2: SINGLE (Flyball, 8LS)
Batting: RHB Jesús Hernández 0-0: Called Strike
0-1: Foul Ball, location: 2F
0-2: Grounds into double play, 5-4-3 (Groundball, 56)
Batting: RHB Alfredo Hernández 0-0: Foul Ball, location: 2F
0-1: Ball
1-1: Ground out 6-3 (Groundball, 6)
Bottom of the 1st over - 0 run(s), 1 hit(s), 0 error(s), 0 left on base; Springfield 0 - St Charles 0
TOP OF THE 2ND
Springfield Stars batting - Pitching for St Charles Sheens : LHP Ben Moody
Batting: LHB Felipe Guerrero 0-0: Ball
1-0: Foul Ball, location: 2F
1-1: Ball
2-1: SOLO HOME RUN (Line Drive, 9LD), Distance : 439 ft
Batting: LHB Elliott Newell 0-0: Ball
1-0: Foul Ball, location: 2F
1-1: Ball
2-1: SINGLE (Flyball, 9S)
Batting: LHB Jesús Tobías 0-0: Called Strike
0-1: Ball
1-1: Called Strike
1-2: Foul Ball, location: 2F
1-2: Foul Ball, location: 2F
1-2: Fielders Choice at 2nd, 4-6 (Groundball, 34)
Batting: RHB Juan Carlos Rodríguez 0-0: Called Strike
0-1: Ball
1-1: Grounds into double play, 6-4-3 (Groundball, 6)
Top of the 2nd over - 1 run(s), 2 hit(s), 0 error(s), 0 left on base; Springfield 1 - St Charles 0
BOTTOM OF THE 2ND
St Charles Sheens batting - Pitching for Springfield Stars : RHP Kyu-pyeong Pak
Batting: RHB Dan Tyler 0-0: Ball
1-0: SINGLE (Line Drive, 89S)
Batting: LHB Juan Jose Rojas 0-0: Ball
1-0: Ball
2-0: Foul Ball, location: 2F
2-1: Foul Ball, location: 2F
2-2: Grounds into double play, 4-6-3 (Groundball, 4)
Batting: LHB Larry Howard 0-0: SINGLE (Groundball, 6MD)
Batting: LHB Stan Bates 0-0: Ball
Larry Howard steals 2nd base
1-0: Ball
2-0: Ground out 3-1 (Groundball, 34)
Bottom of the 2nd over - 0 run(s), 2 hit(s), 0 error(s), 1 left on base; Springfield 1 - St Charles 0
TOP OF THE 3RD
Springfield Stars batting - Pitching for St Charles Sheens : LHP Ben Moody
Batting: RHB Will Sterling 0-0: Ball
1-0: Ground out 5-3 (Groundball, 56S)
Batting: LHB Ryan Drake 0-0: Ball
1-0: SINGLE (Flyball, 9S)
Batting: RHB Norberto Taváres 0-0: Ball
1-0: Ball
2-0: Foul Ball, location: 2F
2-1: Foul Ball, location: 2F
2-2: Ball
3-2: Foul Ball, location: 2F
3-2: Grounds into double play, 6-4-3 (Groundball, 6)
Top of the 3rd over - 0 run(s), 1 hit(s), 0 error(s), 0 left on base; Springfield 1 - St Charles 0
BOTTOM OF THE 3RD
St Charles Sheens batting - Pitching for Springfield Stars : RHP Kyu-pyeong Pak
Batting: RHB Daniel Robert 0-0: Called Strike
0-1: Ball
1-1: Ball
2-1: Ball
3-1: Base on Balls
Batting: LHB Kyle Harrison 0-0: Reached on error, E6 (Groundball, 6)
Daniel Robert to second
Batting: RHB Max Rash 0-0: Fly out, F7 (Flyball, 7S)
Batting: RHB Jesús Hernández 0-0: Ball
1-0: Swinging Strike
1-1: Called Strike
1-2: Strikes out swinging
Batting: RHB Alfredo Hernández 0-0: Ball
1-0: Called Strike
1-1: Called Strike
1-2: Foul Ball, location: 2F
1-2: Ground out 3-1 (Groundball, 34)
Bottom of the 3rd over - 0 run(s), 0 hit(s), 1 error(s), 2 left on base; Springfield 1 - St Charles 0
TOP OF THE 4TH
Springfield Stars batting - Pitching for St Charles Sheens : LHP Ben Moody
Batting: RHB Calvin Bennett 0-0: Swinging Strike
0-1: Hit by Pitch
Batting: SHB Shane Hutchinson 0-0: Ball
Wild Pitch!
Calvin Bennett to second
1-0: Ball
2-0: Foul Ball, location: 2F
2-1: Swinging Strike
2-2: Strikes out swinging
Batting: LHB Felipe Guerrero 0-0: Called Strike
0-1: Ball
1-1: Ball
2-1: Ball
3-1: Called Strike
3-2: Foul Ball, location: 2F
3-2: Base on Balls
Batting: LHB Elliott Newell 0-0: Called Strike
0-1: Fly out, F8 (Line Drive, 8LM)
Batting: LHB Jesús Tobías 0-0: Ball
1-0: Called Strike
1-1: Foul Ball, location: 2F
1-2: Fly out, F9 (Flyball, 89M)
Top of the 4th over - 0 run(s), 0 hit(s), 0 error(s), 2 left on base; Springfield 1 - St Charles 0
BOTTOM OF THE 4TH
St Charles Sheens batting - Pitching for Springfield Stars : RHP Kyu-pyeong Pak
Batting: RHB Dan Tyler 0-0: Called Strike
0-1: Ball
1-1: Fly out, F7 (Line Drive, 78D)
Batting: LHB Juan Jose Rojas 0-0: Foul Ball, location: 2F
0-1: SINGLE (Popup, 6MD)
Batting: LHB Larry Howard 0-0: Called Strike
0-1: Fielders Choice at 2nd, 1-6 (Groundball, 13S)
Batting: LHB Stan Bates 0-0: Called Strike
0-1: Ball
1-1: SINGLE (Line Drive, 7LS)
Larry Howard to second
Batting: RHB Daniel Robert 0-0: Called Strike
0-1: Called Strike
0-2: Ball
1-2: Foul Ball, location: 2F
1-2: Foul Ball, location: 2F
1-2: Foul Ball, location: 2F
1-2: Fly out, F7 (Flyball, 78M)
Bottom of the 4th over - 0 run(s), 2 hit(s), 0 error(s), 2 left on base; Springfield 1 - St Charles 0
TOP OF THE 5TH
Springfield Stars batting - Pitching for St Charles Sheens : LHP Ben Moody
Batting: RHB Juan Carlos Rodríguez 0-0: Foul Ball, location: 2F
0-1: Ball
1-1: Ball
2-1: Ball
3-1: Fly out, F8 (Flyball, 8LD)
Batting: RHB Will Sterling 0-0: Foul Ball, location: 2F
0-1: Ball
1-1: Ground out 1-3 (Groundball, 15S)
Batting: LHB Ryan Drake 0-0: Ground out 3-1 (Groundball, 34S)
Top of the 5th over - 0 run(s), 0 hit(s), 0 error(s), 0 left on base; Springfield 1 - St Charles 0
BOTTOM OF THE 5TH
St Charles Sheens batting - Pitching for Springfield Stars : RHP Kyu-pyeong Pak
Batting: LHB Kyle Harrison 0-0: Called Strike
0-1: Fly out, F3 (Line Drive, 34)
Batting: RHB Max Rash 0-0: Ball
1-0: Ball
2-0: Swinging Strike
2-1: Foul Ball, location: 2F
2-2: Ball
3-2: Strikes out swinging
Batting: RHB Jesús Hernández 0-0: Ball
1-0: TRIPLE (Line Drive, 78M)
Batting: RHB Alfredo Hernández 0-0: Ball
1-0: Foul Ball, location: 2F
1-1: Ground out 3-1 (Groundball, 34)
Bottom of the 5th over - 0 run(s), 1 hit(s), 0 error(s), 1 left on base; Springfield 1 - St Charles 0
TOP OF THE 6TH
Springfield Stars batting - Pitching for St Charles Sheens : LHP Ben Moody
Batting: RHB Norberto Taváres 0-0: Ball
1-0: Ball
2-0: Ball
3-0: Called Strike
3-1: Base on Balls
Batting: RHB Calvin Bennett 0-0: Swinging Strike
0-1: Ball
1-1: Foul Ball, location: 2F
1-2: TRIPLE (Line Drive, 8RM)
Norberto Taváres scores
Batting: SHB Shane Hutchinson 0-0: Ball
1-0: Called Strike
1-1: Foul Ball, location: 2F
1-2: Strikes out swinging
Batting: LHB Felipe Guerrero 0-0: Called Strike
0-1: Swinging Strike
0-2: Foul Ball, location: 2F
0-2: Ball
1-2: Foul Ball, location: 2F
1-2: Ball
2-2: SINGLE (Line Drive, 78S)
Calvin Bennett scores
Batting: LHB Elliott Newell 0-0: Ball
1-0: Called Strike
Felipe Guerrero steals 2nd base
1-1: Intentional Walk
Batting: LHB Jesús Tobías 0-0: Called Strike
0-1: Foul Ball, location: 2F
0-2: Ball
1-2: Ball
2-2: Strikes out swinging
Batting: RHB Juan Carlos Rodríguez 0-0: Called Strike
0-1: Foul Ball, location: 2F
0-2: Strikes out swinging
Top of the 6th over - 2 run(s), 2 hit(s), 0 error(s), 2 left on base; Springfield 3 - St Charles 0
BOTTOM OF THE 6TH
St Charles Sheens batting - Pitching for Springfield Stars : RHP Kyu-pyeong Pak
Batting: RHB Dan Tyler 0-0: Called Strike
0-1: Ball
1-1: Foul Ball, location: 2F
1-2: Strikes out looking
Batting: LHB Juan Jose Rojas 0-0: Ball
1-0: Swinging Strike
1-1: Called Strike
1-2: Strikes out swinging
Batting: LHB Larry Howard 0-0: Called Strike
0-1: Ground out U3 (Groundball, 3)
Bottom of the 6th over - 0 run(s), 0 hit(s), 0 error(s), 0 left on base; Springfield 3 - St Charles 0
TOP OF THE 7TH
Springfield Stars batting - Pitching for St Charles Sheens : LHP Ben Moody
Batting: RHB Will Sterling 0-0: Ball
1-0: Ball
2-0: DOUBLE (Line Drive, 7LM)
Batting: LHB Ryan Drake 0-0: Ball
1-0: Swinging Strike
1-1: Ball
2-1: Fly out, F8 (Line Drive, 8RM)
Batting: RHB Norberto Taváres 0-0: Ground out 2-3 (Groundball, 2L)
Will Sterling to third
Batting: RHB Calvin Bennett 0-0: Swinging Strike
0-1: Ball
1-1: Ball
2-1: Ground out 5-3 (Groundball, 56)
Top of the 7th over - 0 run(s), 1 hit(s), 0 error(s), 1 left on base; Springfield 3 - St Charles 0
BOTTOM OF THE 7TH
St Charles Sheens batting - Pitching for Springfield Stars : RHP Kyu-pyeong Pak
Batting: LHB Stan Bates 0-0: Swinging Strike
0-1: Called Strike
0-2: Ball
1-2: Strikes out swinging
Batting: RHB Daniel Robert 0-0: Ball
1-0: Ball
2-0: Called Strike
2-1: Ground out 5-3 (Groundball, 5)
Batting: LHB Kyle Harrison 0-0: Called Strike
0-1: Ball
1-1: Ground out 4-3 (Groundball, 4)
Bottom of the 7th over - 0 run(s), 0 hit(s), 0 error(s), 0 left on base; Springfield 3 - St Charles 0
TOP OF THE 8TH
Springfield Stars batting - Pitching for St Charles Sheens : LHP Ben Moody
Batting: SHB Shane Hutchinson 0-0: Called Strike
0-1: Ground out 6-3 (Groundball, 56)
Batting: LHB Felipe Guerrero 0-0: Foul Ball, location: 2F
0-1: Swinging Strike
0-2: Strikes out swinging
Batting: LHB Elliott Newell 0-0: Swinging Strike
0-1: SINGLE (Line Drive, 6MD)
Pitching: RHP Juan Rivera
Batting: LHB Jesús Tobías 0-0: Called Strike
0-1: Called Strike
0-2: Foul Ball, location: 2F
0-2: SINGLE (Groundball, 34) (infield hit)
Elliott Newell to second
Batting: RHB Juan Carlos Rodríguez 0-0: Ball
1-0: Ball
2-0: Ball
3-0: Called Strike
3-1: SINGLE (Groundball, 56D)
Elliott Newell to third
Jesús Tobías to second
Runner from 3rd tries for Home, SAFE, throw made home
Jesús Tobías to third
Juan Carlos Rodríguez to second
Batting: RHB Will Sterling 0-0: Ground out 5-3 (Groundball, 56)
Top of the 8th over - 1 run(s), 3 hit(s), 0 error(s), 2 left on base; Springfield 4 - St Charles 0
BOTTOM OF THE 8TH
St Charles Sheens batting - Pitching for Springfield Stars : RHP Kyu-pyeong Pak
Batting: RHB Max Rash 0-0: Ball
1-0: Swinging Strike
1-1: Ball
2-1: Foul Ball, location: 2F
2-2: Foul Ball, location: 2F
2-2: Ball
3-2: Strikes out looking
Batting: RHB Jesús Hernández 0-0: Ball
1-0: Ball
2-0: Foul Ball, location: 2F
2-1: Ground out 6-3 (Groundball, 6MS)
Batting: RHB Alfredo Hernández 0-0: Ground out 6-3 (Groundball, 6)
Bottom of the 8th over - 0 run(s), 0 hit(s), 0 error(s), 0 left on base; Springfield 4 - St Charles 0
TOP OF THE 9TH
Springfield Stars batting - Pitching for St Charles Sheens : RHP Juan Rivera
Batting: LHB Ryan Drake 0-0: Ball
1-0: Called Strike
1-1: SINGLE (Groundball, 6D) (infield hit)
Batting: RHB Norberto Taváres 0-0: Ball
1-0: Ball
2-0: Fly out, F8 (Flyball, 8RM)
Batting: RHB Calvin Bennett 0-0: Called Strike
Ryan Drake steals 2nd base
0-1: Fly out, F5 (Popup, 5S)
Batting: SHB Shane Hutchinson 0-0: Ball
1-0: Foul Ball, location: 2F
1-1: Ground out 4-3 (Groundball, 4)
Top of the 9th over - 0 run(s), 1 hit(s), 0 error(s), 1 left on base; Springfield 4 - St Charles 0
BOTTOM OF THE 9TH
St Charles Sheens batting - Pitching for Springfield Stars : RHP Kyu-pyeong Pak
Batting: RHB Dan Tyler 0-0: Ground out 6-3 (Groundball, 6)
Batting: LHB Juan Jose Rojas 0-0: Ball
1-0: Foul Ball, location: 2F
1-1: Ball
2-1: Foul Ball, location: 2F
2-2: Foul Ball, location: 2F
2-2: Foul Ball, location: 2F
2-2: TRIPLE (Flyball, 8RXD)
Batting: LHB Larry Howard 0-0: Swinging Strike
0-1: Fly out, F9 (Flyball, 9D)
Runner from 3rd tags up, SCORES, no throw
Batting: LHB Stan Bates 0-0: Called Strike
0-1: Ball
1-1: Foul Ball, location: 2F
1-2: Ground out 6-3 (Groundball, 6)
Bottom of the 9th over - 1 run(s), 1 hit(s), 0 error(s), 0 left on base; Springfield 4 - St Charles 1
Tuesday, August 8th, 2017 - OOTP Baseball 17.12 Build 75